 Dungeon Crawl Stone Soup version 0.31-a0-662-g684573625c (webtiles) character file.

Game seed: 13849077933137868553

133560 jt the Warrior (level 17, -2/153 HPs)
             Began as a Merfolk Shapeshifter on Sept 1, 2023.
             Was a High Priest of Okawaru.
             Slain by a tentacle (9 damage)
             ... attached to a kraken
             ... on level 3 of the Shoals.
             The game lasted 01:27:06 (28126 turns).

jt the Warrior (Merfolk Shapeshifter)              Turns: 28126, Time: 01:27:08

Health: -2/153     AC: 21    Str: 18    XL:     17   Next: 15%
Magic:  26/26      EV: 29    Int:  9    God:    Okawaru [*****.]
Gold:   1831       SH:  0    Dex: 29    Spells: 14/16 levels left

rFire   . . .        a - +7 orcbow "Daevyx" {drain, Dex+2}
rCold   + . .        (shield currently unavailable)
rNeg    . . .        Q - quicksilver dragon scales
rPois   .            z - +2 hat {Will+}
rElec   .            H - +0 cloak of Jugrot {+Blink rC+ Dex+3 Stlth+}
rCorr   .            h - +2 pair of gloves
SInv    .            k - melded +0 pair of boots
Will    +++..        E - amulet of faith
Stlth   ++++         x - +4 ring of protection
HPRegen 0.45/turn    O - +6 ring of dexterity
MPRegen 0.20/turn

%: faith
@: very quick
A: nimble swimmer 2, mertail
a: Renounce Religion, Evoke Blink, Heroism, Finesse, Duel


You were on level 3 of the Shoals.
You worshipped Okawaru.
Okawaru was extremely pleased with you.
You visited 5 branches of the dungeon, and saw 26 of its levels.
You also visited: Bailey, Gauntlet and Ice Cave.

You collected 2575 gold pieces.
You spent 744 gold pieces at shops.

Inventory:

Hand Weapons
 a - the +7 orcbow "Daevyx" (weapon) {drain, Dex+2}
   (You found it on level 2 of the Dungeon)

   Dex+2:     It affects your dexterity (+2).
 b - the +7 arbalest of the Shining Light {heavy, Int+4}
   (You found it in an ice cave)

   Int+4:     It affects your intelligence (+4).
 c - the +7 trident "Poime" {flame, rF++}
   (You found it on level 2 of the Shoals)

   rF++:      It greatly protects you from fire.
 f - the +10 flail of the Silent Majority {heavy, Fly rF+}
   (You found it on level 2 of the Lair of Beasts)

   rF+:       It protects you from fire.
   Fly:       It grants you flight.
 j - the +9 glaive of Elineadd {flame, rF++}
   (You found it on level 3 of the Lair of Beasts)

   rF++:      It greatly protects you from fire.
 D - the +8 longbow of the Bear {heavy, rF+}
   (Okawaru gifted it to you on level 5 of the Lair of Beasts)

   rF+:       It protects you from fire.
 N - a +1 hand crossbow of freezing
 R - a +1 arbalest of electrocution
Missiles
 i - 10 javelins
 s - 2 curare-tipped darts
 y - 5 silver javelins
 V - 3 throwing nets
Armour
 h - a +2 pair of gloves (worn)
 k - a +0 pair of boots (melded)
 z - a +2 hat of willpower (worn)
 H - the +0 cloak of Jugrot (worn) {+Blink rC+ Dex+3 Stlth+}
   (Okawaru gifted it to you on level 5 of the Lair of Beasts)

   Dex+3:     It affects your dexterity (+3).
   rC+:       It protects you from cold.
   +Blink:    It lets you blink.
   Stlth+:    It makes you more stealthy.
 K - a +3 leather armour of fire resistance
 Q - quicksilver dragon scales (worn)
 Y - the +2 cloak of Incorporation {Will++ Slay+2 Stlth-}
   (Okawaru gifted it to you on level 3 of the Lair of Beasts)

   Slay+2:    It affects your accuracy & damage with ranged weapons and melee
   (+2).
   Will++:    It greatly increases your willpower.
   Stlth-:    It makes you less stealthy.
Magical Staves
 v - a staff of cold
Jewellery
 l - a ring of see invisible
 n - a ring of fire
 x - a +4 ring of protection (left hand)
 E - an amulet of faith (around neck)
 O - a +6 ring of dexterity (right hand)
 Z - the ring "Meoth" {rC+ Will+ rCorr}
   (You acquired it on level 12 of the Dungeon)

   [ring of resist corrosion]

   rC+:       It protects you from cold.
   Will+:     It increases your willpower.
   rCorr:     It protects you from acid and corrosion.
Wands
 d - a wand of paralysis (5)
 r - a wand of roots (1)
 w - a wand of flame (49)
 S - a wand of mindburst (13)
Scrolls
 g - a scroll of fear
 p - a scroll of immolation
 t - 8 scrolls of teleportation
 A - 7 scrolls of identify
 B - 6 scrolls of revelation
 C - a scroll of blinking
 I - 2 scrolls of poison
 J - a scroll of enchant weapon
 L - 5 scrolls of fog
 W - 5 scrolls of vulnerability
Potions
 e - a potion of invisibility
 m - 4 potions of enlightenment
 o - 2 potions of ambrosia
 q - 3 potions of might
 F - a potion of lignification
 G - 5 potions of magic
 M - 4 potions of berserk rage
 P - 3 potions of mutation
 T - 5 potions of haste
 U - 2 potions of heal wounds
 X - 5 potions of curing


   Skills:
 + Level 19.4 Fighting
 + Level 14.1 Ranged Weapons
 - Level 2.0 Throwing
 - Level 5.0 Armour
 + Level 12.7 Dodging
 - Level 2.0 Stealth
 - Level 3.9 Unarmed Combat
 - Level 5.0 Transmutations
 + Level 12.6 Invocations
 - Level 5.0 Evocations
 - Level 7.0 Shapeshifting


You had 14 spell levels left.
You knew the following spells:

 Your Spells              Type           Power      Damage    Failure   Level
a - Wereblood             Tmut           9%         N/A       13%         2

Your spell library contained the following spells:

 Spells                   Type           Power      Damage    Failure   Level
 Kiss of Death            Conj/Necr      0%         2d5       56%         1
 Shock                    Conj/Air       0%         1d3       56%         1
 Blink                    Tloc           0%         N/A       71%         2
 Cigotuvi's Dreadful Rot  Necr/Pois/Air  0%         N/A       71%         2
 Lesser Beckoning         Tloc           0%         N/A       71%         2
 Momentum Strike          Conj/Tloc      0%         3d8       71%         2
 Sublimation of Blood     Necr           0%         N/A       71%         2
 Confusing Touch          Hex            0%         N/A       90%         3
 Swiftness                Air            0%         N/A       90%         3
 Airstrike                Air            0%         2d(0-16)  100%        4
 Dispel Undead            Necr           0%         3d6       100%        4
 Ozocubu's Refrigeration  Ice            0%         4d7       100%        7
 Polar Vortex             Ice            0%         N/A       100%        9
 Death Channel            Necr           Unusable   N/A       N/A         6
 Simulacrum               Ice/Necr       Unusable   N/A       N/A         6
 Summon Hydra             Summ           Unusable   N/A       N/A         7

Dungeon Overview and Level Annotations

Branches:
Dungeon (15/15)            Temple (1/1) D:4            Lair (5/5) D:11
 Shoals (3/4) Lair:3       Spider (0/4) Lair:3        Slime (0/5) Lair:5
    Orc (2/2) D:9             Elf (0/3) Orc:2        Vaults (0/5) D:14
 Depths (0/4) D:15         Bailey (visited)           IceCv (visited)
Gauntlet (visited)

Altars:
Ashenzari
Cheibriados
Dithmenos
Elyvilon
Fedhas
Gozag
Hepliaklqana
Kikubaaqudgha
Makhleb
Nemelex Xobeh
Okawaru
Qazlal
Ru
Sif Muna
Trog
Uskayaw
Vehumet
Wu Jian
Xom
Yredelemnul
Zin
The Shining One
Jiyva

Shops:
D:2 (   D:11 [   D:15 (?(   Orc:1 ([   Orc:2 (=??

Portals:
Pandemonium: Orc:2

Annotations:
D:5 3 runed translucent doors, Yorgos's ghost, novice TrSh
D:14 Roxanne
Shoals:1 Nikola


Innate Abilities, Weirdness & Mutations

You are very nimble when in or above water. (Stealth+, EV+, Speed+++)
Your lower body shifts to a powerful aquatic tail in water.


Message History

You are engulfed in a cloud of scalding steam.
The tentacle is engulfed in a cloud of scalding steam.
The tentacle misses you. The tentacle barely misses you.
The tentacle is engulfed in a cloud of scalding steam.
The tentacle closely misses you. The tentacle slaps you.
A tentacle segment bursts forth from the water. x2
The tentacle slaps you but does no damage.
The tentacle is engulfed in a cloud of scalding steam.
The tentacle misses you. The tentacle completely misses you.
The tentacle is engulfed in a cloud of scalding steam.
The tentacle slaps you but does no damage.
You shoot an arrow. The arrow hits the kraken!!!
The kraken is almost dead.
You feel stable enough to blink again. The kraken misses you.
The tentacle completely misses you. The tentacle slaps you!
The tentacle misses you. The tentacle slaps you!
* * * LOW HITPOINT WARNING * * *
The kraken squirts a massive cloud of ink into the water!
Aiming: Fastroot
Press: ? - help, Shift-Dir - straight line, p - kraken
Okay, then.
Aiming: Fastroot
Press: ? - help, Shift-Dir - straight line, f - you, p - kraken The roots erupt in riotous growth!
Roots grab the tentacle. x3
The kraken is unaffected.
The tentacle is unaffected.
The grasping roots constrict the tentacle!
The grasping roots constrict the tentacle. x2
You hear a shout!
The tentacle slaps you!
* * * LOW HITPOINT WARNING * * *
The tentacle misses you.
The tentacle slaps you but does no damage. x2
A tentacle segment bursts forth from the water. x2
The tentacle completely misses you. The kraken bites you!
* * * LOW HITPOINT WARNING * * *
The tentacle slaps you!
* * * LOW HITPOINT WARNING * * *
The tentacle slaps you!
You die...

≈≈≈≈≈≈≈≈≈≈≈≈≈≈≈≈≈≈≈≈≈≈≈
≈≈≈≈≈≈≈≈≈≈≈≈≈≈≈≈≈≈≈≈≈≈≈≈
≈≈≈≈≈≈≈≈≈≈≈≈≈≈≈≈~~~~~~~≈
≈≈≈≈≈≈≈≈≈≈≈≈≈≈~~~~~~~~~~
≈≈≈≈~~~≈≈≈##≈≈~~~~~~~~~~
≈≈≈≈~~~≈≈≈≈≈≈≈~~~.#%..~~
≈≈~≈~§§§§§≈≈≈≈~~.####.(~
~~~~~§wXw§≈≈≈~...# ##.~
~~~~~§w@§§≈≈~~...# #.~
~~~~~§w§§§~~~~...# ##~~
~~~~~§§§§§~~~~...# #.~~
~~~~~~~~~~~.~~...## #.~~
~~~~~~~~~.>....~...###.~~
~~~..~~~~≈≈~....~.~.##.~~~
~~....~~~≈≈†≈......###.~~~
~~....~~~~~≈~≈.....# ##~~~
~~~~~~~~≈≈≈~~≈..~..###..~≈


You could see a kraken (drained) and 4 tentacles.

Vanquished Creatures
  A kraken (Shoals:1)
  A fire giant (D:15)
  Louise (D:14)
  2 orc warlords (Orc:2)
  2 very ugly things (IceCv)
  Josephine (D:14)
  The ghost of WhatIsLove the Severer, a journeyman HOMo of Beogh (D:15)
  2 merfolk impalers (Shoals:3)
  Erolcha (D:12)
  4 vault guards (D:14)
  4 hydras
  A caustic shrike simulacrum (IceCv)
  3 centaur warriors
  2 demonspawn (Orc:2)
  7 merfolk avatars
  3 catoblepae
  A deep troll shaman (Lair:5)
  A satyr (Shoals:2)
  A boulder beetle (Lair:1)
  2 alligator snapping turtles (Shoals:3)
  A merfolk aquamancer (Shoals:1)
  6 two-headed ogres
  An ogre mage (D:14)
  6 death yaks (Lair:5)
  A tengu warrior (D:13)
  8 orc high priests (Orc:2)
  6 skysharks
  8 sea snakes
  An orb spider (shapeshifter) (D:13)
  2 glowing orange brains (Gauntlet)
  2 orange crystal statues (IceCv)
  9 harpies
  A wizard (D:15)
  2 lindwurms (Lair:5)
  A deep elf pyromancer (D:12)
  6 orc knights
  3 fauns (Shoals:2)
  7 manticores
  5 ugly things
  A wolf spider (D:15)
  A salamander (shapeshifter) (D:15)
  5 orc sorcerers
  5 cyclopes
  13 elephants
  6 black mambas
  A torpor snail (Lair:2)
  A water nymph (Shoals:3)
  12 cane toads
  2 gargoyles
  6 freezing wraiths
  5 yaktaurs
  Psyche (D:9)
  6 rime drakes
  An efreet (D:13)
  7 komodo dragons
  2 tengu conjurers
  12 trolls
  2 anaconda simulacra (IceCv)
  A komodo dragon (shapeshifter) (D:14)
  An ice devil (Orc:2)
  3 golden dragon simulacra (IceCv)
  2 wind drakes
  A polar bear (Lair:4)
  3 meliai (D:15)
  7 merfolk
  3 alligator simulacra (IceCv)
  5 hornets
  10 snapping turtles
  8 dream sheep
  15 blink frogs
  5 wraiths
  Sigmund (D:5)
  8 slime creatures
  18 spriggans
  4 shadows
  A ynoxinul (Orc:2)
  A spriggan (shapeshifter) (D:15)
  A dire elephant simulacrum (IceCv)
  2 water elementals
  2 vampires
  57 yaks
  A fire bat (shapeshifter) (D:14)
  4 basilisks
  4 wyverns
  Eustachio (D:6)
  A human (D:14)
  2 steam dragons
  2 vampire mosquitoes (D:11)
  A chaos spawn (Orc:2)
  Edmund (D:6)
  3 wargs (Orc:2)
  An acid dragon (Bailey)
  2 hydra simulacra (IceCv)
  14 water moccasins
  44 orc warriors
  4 black bears
  An ettin simulacrum (IceCv)
  10 centaurs
  33 wolves
  11 ogres
  3 boggarts (Lair:3)
  A phantom (D:5)
  3 kobold brigands
  6 bullfrogs
  5 scorpions
  A gnoll sergeant (D:6)
  8 wights (D:8)
  2 lindwurm simulacra (IceCv)
  10 killer bees
  2 electric eels (Lair:5)
  2 gnoll boudas
  3 jellies
  33 orc priests
  2 hounds
  Jessica (D:2)
  4 iguanas
  24 orc wizards
  9 gnolls
  7 adders
  A shadow imp (D:8)
  3 white imps
  2 ufetubi
  A worm (D:2)
  4 dart slugs
  86 orcs
  8 endoplasms
  2 giant cockroaches
  13 goblins
  8 hobgoblins
  2 jackals (D:2)
  27 kobolds
  3 quokkas (D:2)
  3 training dummies (Orc:1)
  15 ball pythons
  11 bats
  2 frilled lizards
  4 rats
826 creatures vanquished.

Vanquished Creatures (others)
  9 tentacles (Shoals:1)
9 creatures vanquished.

Grand Total: 835 creatures vanquished

Notes
Turn   | Place    | Note
-------+----------+-------------------------------------------
     0 | D:1      | jt the Merfolk Shapeshifter began the quest for the Orb.
     0 | D:1      | Reached XP level 1. HP: 15/15 MP: 1/1
   119 | D:1      | Reached skill level 1 in Stealth
   312 | D:1      | Reached XP level 2. HP: 21/21 MP: 2/2
   614 | D:1      | Reached XP level 3. HP: 24/26 MP: 3/3
   945 | D:2      | Found Ceng's Weapon Shop.
  1162 | D:2      | Reached skill level 2 in Fighting
  1162 | D:2      | Reached XP level 4. HP: 33/33 MP: 4/4
  1641 | D:2      | Noticed Jessica
  1648 | D:2      | Killed Jessica
  1788 | D:2      | Identified the +7 orcbow "Daevyx" {drain, Dex+2}
  2091 | D:3      | Reached XP level 5. HP: 39/39 MP: 5/5
  2150 | D:3      | Reached skill level 1 in Ranged Weapons
  2806 | D:4      | Found a staircase to the Ecumenical Temple.
  2813 | Temple   | Entered the Ecumenical Temple
  2839 | Temple   | Became a worshipper of Warmaster Okawaru
  3167 | D:4      | Reached XP level 6. HP: 45/45 MP: 6/6
  3596 | D:4      | Found an ancient bone altar of Kikubaaqudgha.
  3683 | D:5      | Entered Level 5 of the Dungeon
  3868 | D:5      | Reached * piety under Okawaru
  3889 | D:5      | Reached XP level 7. HP: 51/51 MP: 7/7
  3927 | D:5      | Noticed Sigmund
  3929 | D:5      | Killed Sigmund
  3930 | D:5      | Reached skill level 5 in Ranged Weapons
  3979 | D:5      | Reached ** piety under Okawaru
  4279 | D:5      | Reached XP level 8. HP: 48/57 MP: 6/8
  4460 | D:5      | Found a runed translucent gate.
  4460 | D:5      | Found a runed translucent gate.
  4460 | D:5      | Found a runed translucent gate.
  4461 | D:5      | Noticed Yorgos's ghost (novice TrSh)
  4698 | D:6      | Noticed Edmund
  4704 | D:6      | Killed Edmund
  4808 | D:6      | Noticed Eustachio
  4815 | D:6      | Killed Eustachio
  4963 | D:6      | Reached XP level 9. HP: 62/62 MP: 9/9
  5220 | D:6      | Reached *** piety under Okawaru
  5763 | D:7      | Reached skill level 3 in Fighting
  5929 | D:7      | Found a shimmering altar of Xom.
  5932 | D:7      | Found a bloodstained altar of Trog.
  5935 | D:7      | Found a glowing silver altar of Zin.
  6083 | D:7      | Found a sparkling altar of Nemelex Xobeh.
  6255 | D:8      | Reached skill level 4 in Fighting
  6424 | D:7      | Reached skill level 1 in Invocations
  6424 | D:7      | Reached skill level 5 in Shapeshifting
  6427 | D:7      | Reached **** piety under Okawaru
  6614 | D:8      | Reached skill level 5 in Fighting
  6620 | D:8      | Reached XP level 10. HP: 61/74 MP: 7/12
  6870 | D:8      | Reached skill level 10 in Ranged Weapons
  7120 | D:9      | Noticed Psyche
  7123 | D:9      | Killed Psyche
  7124 | D:9      | Reached skill level 6 in Fighting
  7406 | D:9      | Reached ***** piety under Okawaru
  7407 | D:9      | Reached skill level 7 in Fighting
  7417 | D:9      | Found a flagged portal.
  7432 | Bailey   | Entered a bailey
  7481 | Bailey   | Received a gift from Okawaru
  7599 | Bailey   | Reached skill level 8 in Fighting
  7599 | Bailey   | Reached XP level 11. HP: 60/86 MP: 8/14
  7715 | Bailey   | Noticed a two-headed ogre
  7723 | Bailey   | Killed a two-headed ogre
  7724 | Bailey   | Reached skill level 9 in Fighting
  8053 | D:9      | Reached skill level 1 in Evocations
  8067 | D:9      | Identified the +0 scale mail "Hukhlin" {rN+ Str+2 Int-5}
                  | (Okawaru gifted it to you on level 9 of the Dungeon)
  8067 | D:9      | Received a gift from Okawaru
  8165 | D:9      | Reached skill level 10 in Fighting
  8454 | D:9      | Found a staircase to the Orcish Mines.
  8614 | D:10     | Entered Level 10 of the Dungeon
  8667 | D:10     | Reached skill level 5 in Dodging
  8983 | D:10     | Found a blossoming altar of Fedhas.
  9000 | D:10     | Reached skill level 11 in Fighting
  9283 | D:11     | Noticed a catoblepas
  9334 | D:11     | Noticed a two-headed ogre
  9338 | D:11     | Killed a two-headed ogre
  9392 | D:11     | Noticed a two-headed ogre
  9571 | D:11     | Noticed a two-headed ogre
  9579 | D:11     | Killed a two-headed ogre
  9580 | D:11     | Reached skill level 12 in Fighting
  9716 | D:11     | Killed a two-headed ogre
  9761 | D:11     | Found Bahodaro's Antique Armour Emporium.
  9786 | D:11     | Bought a twisted cloak for 266 gold pieces
  9786 | D:11     | Identified the +1 cloak "Zuqokaw" {Slay+3} (You bought it
                  | in a shop on level 11 of the Dungeon)
  9786 | D:11     | Bought a runed hat for 196 gold pieces
  9855 | D:11     | Noticed a green ugly thing
  9860 | D:11     | Killed a green ugly thing
  9861 | D:11     | Reached XP level 12. HP: 103/103 MP: 15/15
  9872 | D:11     | Killed a catoblepas
  9873 | D:11     | Reached skill level 1 in Armour
  9922 | D:11     | Found a staircase to the Lair.
 10040 | D:11     | Reached skill level 13 in Fighting
 10105 | D:11     | Received a gift from Okawaru
 10105 | D:11     | Found the +15 Maxwell's patent armour {-Cast -Tele rElec
                  | Will+ rCorr}
 10432 | D:11     | Reached skill level 14 in Fighting
 10744 | Lair:1   | Entered Level 1 of the Lair of Beasts
 10894 | Lair:1   | Reached ****** piety under Okawaru
 11108 | Lair:1   | Noticed a boulder beetle
 11132 | Lair:1   | Killed a boulder beetle
 11133 | Lair:1   | Reached skill level 15 in Fighting
 12102 | Lair:2   | Received a gift from Okawaru
 12103 | Lair:2   | Reached skill level 16 in Fighting
 12132 | Lair:2   | Reached XP level 13. HP: 117/117 MP: 16/16
 12151 | Lair:2   | Received a gift from Okawaru
 12152 | Lair:2   | Reached skill level 1 in Throwing
 12258 | Lair:2   | Reached skill level 5 in Invocations
 12312 | Lair:2   | Identified the +10 flail of the Silent Majority {heavy, Fly
                  | rF+}
 12820 | Lair:2   | Received a gift from Okawaru
 12969 | Lair:3   | Found a gate leading to a gauntlet.
 12996 | Lair:3   | Identified the +9 glaive of Elineadd {flame, rF++}
 13013 | Gauntlet | Entered a Gauntlet
 13013 | Gauntlet | Found a transporter.
 13015 | Gauntlet | Found a runed translucent door.
 13016 | Gauntlet | Found a transporter.
 13017 | Gauntlet | Found a runed translucent door.
 13017 | Gauntlet | Found a transporter.
 13018 | Gauntlet | Noticed a blizzard demon
 13021 | Gauntlet | Found a transporter.
 13029 | Gauntlet | Found a transporter.
 13029 | Gauntlet | Found a transporter.
 13030 | Gauntlet | Found a transporter.
 13031 | Gauntlet | Found a transporter.
 13052 | Gauntlet | Found a transporter.
 13069 | Gauntlet | Found a transporter.
 13073 | Gauntlet | Found a transporter.
 13073 | Gauntlet | Found the necklace of Bloodlust {Fury *Rage Will++ Int-3
                  | Slay+6}
 13077 | Gauntlet | Found a runed translucent door.
 13081 | Gauntlet | Found a transporter.
 13090 | Gauntlet | Found a runed translucent door.
 13102 | Gauntlet | Found the +1 cloak of Starlight {*Dazzle EV+4 Stlth--}
 13242 | Gauntlet | Identified the +0 helmet of the Orb Guardian {-Tele Dex+4}
 13306 | Gauntlet | Identified the ring "Idigowut" {rF- rN+ Str+5 Dex+3 Stlth+}
 13306 | Gauntlet | Noticed a minotaur
 13679 | Lair:3   | Found a hole to the Spider Nest.
 13949 | Lair:3   | You fall into a shaft and drop 2 floors!
 13949 | Lair:5   | Entered Level 5 of the Lair of Beasts
 13965 | Lair:5   | Identified the +0 cloak of Jugrot {+Blink rC+ Dex+3 Stlth+}
                  | (Okawaru gifted it to you on level 5 of the Lair of Beasts)
 13965 | Lair:5   | Received a gift from Okawaru
 14369 | Lair:5   | Found a viscous altar of Jiyva.
 14370 | Lair:5   | Found a staircase to the Slime Pits.
 14476 | Lair:5   | Reached skill level 17 in Fighting
 15098 | Lair:5   | Reached XP level 14. HP: 128/128 MP: 20/20
 15265 | Lair:5   | Received a gift from Okawaru
 15597 | Lair:5   | Identified the +8 longbow of the Bear {heavy, rF+} (Okawaru
                  | gifted it to you on level 5 of the Lair of Beasts)
 15597 | Lair:5   | Received a gift from Okawaru
 15891 | Lair:3   | Paralysed by a hornet for 1 turns
 16313 | Lair:3   | Identified the +2 cloak of Incorporation {Will++ Slay+2
                  | Stlth-} (Okawaru gifted it to you on level 3 of the Lair of
                  | Beasts)
 16313 | Lair:3   | Received a gift from Okawaru
 16613 | Lair:3   | Found a staircase to the Shoals.
 18282 | Orc:1    | Entered Level 1 of the Orcish Mines
 18525 | Orc:1    | Found Tapeetub's Armour Emporium.
 18630 | Orc:1    | Found Nyas Seh's Firing Range.
 19125 | Orc:2    | Entered Level 2 of the Orcish Mines
 19165 | Orc:1    | Learned a level 2 spell: Wereblood
 19204 | Orc:2    | Found a staircase to the Elven Halls.
 19497 | Orc:2    | Reached skill level 1 in Transmutations
 19731 | Orc:2    | Reached XP level 15. HP: 118/136 MP: 22/22
 19775 | Orc:2    | Found Liff's Magic Scroll Emporium.
 19779 | Orc:2    | Found Guefrum's Magic Scroll Shoppe.
 20289 | Orc:2    | Received a gift from Okawaru
 20298 | Orc:2    | Reached skill level 18 in Fighting
 20405 | Orc:2    | Paralysed by an orc sorcerer for 3 turns
 20651 | Orc:2    | Found Eshruedd's Jewellery Boutique.
 20651 | Orc:2    | Found a one-way gate leading to the halls of Pandemonium.
 20651 | Orc:2    | Found Ybosie's Antique Weapon Shop.
 20657 | Orc:2    | Bought a jewelled spear for 192 gold pieces
 20657 | Orc:2    | Identified the +9 spear of Res Nullius {heavy, *Rage Str+3
                  | Stlth+} (You bought it in a shop on level 2 of the Orcish
                  | Mines)
 20871 | Orc:2    | Noticed an orc warlord
 20891 | Orc:2    | Killed an orc warlord
 20892 | Orc:2    | Reached skill level 10 in Invocations
 21129 | Orc:2    | Noticed an orc warlord
 21135 | Orc:2    | Killed an orc warlord
 21135 | Orc:2    | Received a gift from Okawaru
 21344 | D:12     | Identified a scroll of acquirement
 21345 | D:12     | Acquired the ring "Meoth" {rC+ Will+ rCorr}
 21516 | D:12     | Noticed Erolcha
 21519 | D:12     | Killed Erolcha
 21805 | D:13     | Found a radiant altar of Vehumet.
 21958 | D:13     | Identified the +2 chain mail of Baldness {-Cast Str+5 SInv}
 22080 | D:13     | Identified the +1 plate armour "Peud" {Str+4} (Okawaru
                  | gifted it to you on level 13 of the Dungeon)
 22080 | D:13     | Received a gift from Okawaru
 22543 | D:13     | Reached skill level 5 in Armour
 22675 | D:14     | Found a frozen archway.
 22698 | IceCv    | Entered an ice cave
 22708 | IceCv    | Reached skill level 5 in Transmutations
 22725 | IceCv    | Reached skill level 5 in Evocations
 22968 | IceCv    | Identified the +7 arbalest of the Shining Light {heavy,
                  | Int+4}
 23122 | D:14     | Reached skill level 10 in Dodging
 23122 | D:14     | Reached XP level 16. HP: 122/145 MP: 24/24
 23371 | D:14     | Noticed Roxanne
 23385 | D:14     | Noticed Louise
 23420 | D:14     | Killed Louise
 23449 | D:14     | Found an iron altar of Okawaru.
 23869 | D:14     | Noticed Josephine
 23881 | D:14     | Killed Josephine
 24196 | D:14     | Received a gift from Okawaru
 24282 | D:14     | Found a gate to the Vaults.
 24563 | D:14     | Found a sparkling altar of Nemelex Xobeh.
 24644 | D:15     | Entered Level 15 of the Dungeon
 24911 | D:15     | Found Eguula's Weapon Shop.
 25024 | D:15     | Found Sijuot's Weapon Emporium.
 25257 | D:15     | Found a runed translucent door.
 25260 | D:15     | Noticed WhatIsLove's ghost (journeyman HOMo)
 25391 | D:15     | Found a staircase to the Depths.
 25400 | D:15     | Received a gift from Okawaru
 25625 | D:15     | Found Ketefyoc's Weapon Boutique.
 25698 | D:15     | Found Umnimn's Magic Scroll Shoppe.
 25784 | D:15     | Bought a scroll of revelation for 90 gold pieces
 25952 | D:15     | Killed WhatIsLove's ghost
 26168 | Shoals:1 | Entered Level 1 of the Shoals
 26471 | Shoals:1 | Noticed a kraken
 26515 | Shoals:1 | Killed a kraken
 26538 | Shoals:1 | Received a gift from Okawaru
 26539 | Shoals:1 | Reached skill level 19 in Fighting
 26638 | Shoals:1 | Noticed Nikola
 26998 | Shoals:2 | Found a sacrificial altar of Ru.
 27463 | Shoals:2 | Identified the +7 trident "Poime" {flame, rF++}
 27715 | Shoals:3 | Reached XP level 17. HP: 149/153 MP: 26/26
 27721 | Shoals:3 | Identified the +9 quarterstaff of Floral Exoneration
                  | {freeze, Will+ Dex+5}
 27802 | Shoals:3 | Received a gift from Okawaru
 27824 | Shoals:3 | Received a gift from Okawaru
 28111 | Shoals:3 | Noticed a kraken
 28126 | Shoals:3 | HP: 7/153 [tentacle[a kraken] (7)]
 28126 | Shoals:3 | Slain by a tentacle

Illustrated notes

Levels and vault maps discovered:
D:1:      scummos_arrival_hexagon, layout_loops_ring, minmay_misc_feat_doors
D:2:      minmay_recursive_quarters, layout_basic, serial_shops,
          nicolae_shop_tiny_real_fake_doors, grunt_ministairs_4, uniq_jessica
D:3:      layout_basic
D:4:      layout_basic, kiku_gazebo_pond_becter, minmay_temple_entry_junction_2,
          minmay_ruptured
D:5:      layout_rooms, gammafunk_ghost_necromancy, uniq_sigmund
D:6:      layout_loops_cross, serial_co_window_serial, co_window_corner_a,
          co_window_paths_a, co_window_paths_a, co_window_paths_a,
          co_window_corner_a, co_window_unsneaky_path_d, co_window_2corner,
          co_window_broadway_b, co_window_2corner, co_window_sun,
          glass_columns_a, glass_columns_b, glass_columns_a, glass_columns_a,
          uniq_edmund, uniq_eustachio
D:7:      layout_cave_pools, grunt_temple_overflow_diamond,
          mainiacjoe_overflow_six_doors_small
D:8:      layout_cave_pools, kennysheep_small_spiral
D:9:      layout_roguey, david_orc_4, enter_bailey_5, uniq_psyche
D:10:     layout_loops_cross, kennysheep_little_box
D:11:     layout_loops_corners, lair_entry_dummy, serial_shops, shop,
          david_defended_altar_orc
D:12:     layout_rooms, uniq_erolcha
D:13:     layout_loops_ring, vehumet_crystals
D:14:     layout_stronghold, grunt_vaults_entry_fortified,
          okawaru_metal_pillars_3, portal_ice_cave_entry_pillars_four,
          minmay_misc_feat_plants, nemelex_lonely_heart_becter, uniq_josephine,
          uniq_roxanne, uniq_louise
D:15:     grunt_enter_depths_giant_problem, layout_stronghold,
          ebering_ghost_reflecting_pool, serial_shops, shop, shop,
          nicolae_shop_back_alley_shop, nicolae_shop_crystal
Temple:   lightli_temple_of_artemis
Lair:1:   layout_loops_ring
Lair:2:   layout_chaotic_city, pond
Lair:3:   kb_forest_paths, layout_chaotic_city, minmay_shoals_entry_beasts,
          spider_nest_entry_web_field, gauntlet_entry_generic
Lair:4:   layout_regular_city, forest_entry_grove
Lair:5:   grunt_lair_end_beastmaster, layout_loops_ring, slime_entry_1,
          pdpol_lair_neglected_garden, nicolae_lair_lil_pond,
          chequers_serial_rivers_micro_c, infiniplex_staircase_pool
Shoals:1: nicolae_shoals_aurelia_aurita, layout_shoals,
          nicolae_shoals_aquamancer_cove, uniq_nikola
Shoals:2: layout_shoals, lemuel_centaur_altar
Shoals:3: layout_shoals, nicolae_shoals_siren_and_animal_friends
Orc:1:    layout_caves, serial_shops, shop, nicolae_shop_firing_range
Orc:2:    pf_orc_diabolical, layout_caves, basic_altar, minmay_orc_barracks

Skill      XL: |  1  2  3  4  5  6  7  8  9 10 11 12 13 14 15 16 |
---------------+-------------------------------------------------+-----
Stealth        | 1 2 |  2.0
Dodging        | 3 5 7 10 12 | 12.7
Fighting       | 2 5 8 12 16 17 18 19 | 19.4
Ranged Weapons | 2 4 6 8 9 10 11 12 13 14 | 14.1
Invocations    | 3 4 8 9 10 12 | 12.6
Shapeshifting  | 5 7 |  7.0
Evocations     | 1 3 5 |  5.0
Armour         | 1 4 5 |  5.0
Throwing       | 2 |  2.0
Transmutations | 1 5 |  5.0
Unarmed Combat | |  3.9

Action                     |  1- 3 |  4- 6 |  7- 9 | 10-12 | 13-15 | 16-18 || total
---------------------------+-------+-------+-------+-------+-------+-------++-------
  Melee: Unarmed           |   108 |    35 |       |       |    26 |       ||   169
         Punch             |       |     2 |       |       |     1 |       ||     3
         Orcbow            |       |       |       |     1 |       |       ||     1
   Fire: Orcbow            |       |    74 |   196 |   526 |  1171 |   575 ||  2542
         Longbow           |       |       |       |       |    80 |       ||    80
         Arbalest          |       |       |       |       |    17 |     5 ||    22
  Throw: Dart              |       |       |       |     2 |       |       ||     2
   Cast: Wereblood         |       |       |       |       |       |     7 ||     7
 Invoke: Heroism           |       |       |       |     3 |     9 |     7 ||    19
         Finesse           |       |       |       |       |     1 |       ||     1
Ability: Begin Untransform |       |       |       |     1 |       |       ||     1
         Evoke Blink       |       |       |       |       |     4 |     4 ||     8
  Evoke: Wand              |       |       |       |     3 |    11 |     7 ||    21
    Use: Potion            |     1 |       |     2 |     6 |     6 |       ||    15
         Scroll            |       |       |     6 |    12 |    16 |     2 ||    36
   Stab: Sleeping          |     7 |     2 |       |       |       |       ||     9
 Armour: Animal skin       |    41 |    11 |       |       |       |       ||    52
         Skin              |    13 |       |       |    13 |       |       ||    26
         Robe              |       |    16 |     9 |       |       |       ||    25
         Leather armour    |       |       |    34 |   141 |   444 |       ||   619
         Quicksilver drago |       |       |       |       |    36 |   201 ||   237
  Dodge: Dodged            |    71 |    31 |    31 |   163 |   598 |   402 ||  1296

Table legend: (Time is in decaauts)
 A = Elapsed time spent in this place.
 B = Non-inter-level travel time spent in this place.
 C = Inter-level travel time spent in this place.
 D = Time resting spent in this place.
 E = Time spent auto-exploring this place.
 F = Levels seen in this place.
 G = Mean time per level.
                   A        B        C        D        E       F      G
               +--------+--------+--------+--------+--------+-----+--------+
         Total |  27720 |  26464 |   1256 |   6458 |  12702 |  29 |  955.9 |
       Dungeon |  14851 |  14053 |    798 |   2515 |   8161 |  15 |  990.1 |
        Temple |     51 |     27 |     24 |      0 |      0 |   1 |   51.0 |
          Lair |   7154 |   6814 |    340 |   2027 |   3141 |   5 | 1430.8 |
        Shoals |   1641 |   1622 |     19 |    460 |    443 |   3 |  547.0 |
  Orcish Mines |   2830 |   2757 |     73 |    967 |    835 |   2 | 1415.0 |
        Bailey |    476 |    476 |      0 |    276 |      0 |   1 |  476.0 |
      Ice Cave |    394 |    394 |      0 |    192 |      0 |   1 |  394.0 |
      Gauntlet |    320 |    320 |      0 |     20 |    121 |   1 |  320.0 |
               +--------+--------+--------+--------+--------+-----+--------+

Top non-repeatable levels by time:
  Lair:3: 2032 daAuts
   Orc:2: 2028 daAuts
  Lair:5: 1875 daAuts
    D:14: 1729 daAuts
    D:11: 1547 daAuts
  Lair:1: 1242 daAuts
    D:15: 1213 daAuts
     D:2: 1201 daAuts
     D:9: 1114 daAuts
     D:6: 1074 daAuts
  Lair:4: 1017 daAuts
  Lair:2: 986 daAuts
    D:13: 932 daAuts
     D:4: 908 daAuts
     D:7: 861 daAuts
